 Dungeon Crawl Stone Soup version 0.31-a0-164-g2312942fda (webtiles) character file.

Game seed: 669821514786255896

144 qw the Shooter (level 5, 0/49 HPs)
             Began as a Naga Hunter on June 13, 2023.
             Slain by Pikel
             ... wielding a +1 whip of flaming
              (4 damage)
             ... on level 4 of the Dungeon.
             The game lasted 00:00:43 (2602 turns).

qw the Shooter (Naga Hunter)                        Turns: 2602, Time: 00:00:44

Health: 0/49       AC:  4    Str: 13    XL:     5   Next: 27%
Magic:  5/5        EV: 14    Int:  9    God:
Gold:   245        SH:  0    Dex: 17    Spells: 4/4 levels left

rFire   . . .        Y - +1 shortbow
rCold   . . .        (shield currently unavailable)
rNeg    + . .        c - +0 leather armour
rPois   +            f - +0 helmet
rElec   .            (no cloak)
rCorr   .            (no gloves)
SInv    +            (no barding)
Will    .....        b - amulet of regeneration
Stlth   ++           d - ring of positive energy
HPRegen 1.08/turn    g - +5 ring of evasion
MPRegen 0.09/turn

%: no passive effects
@: very slow
A: AC +1, large, see invisible, deformed body, poison resistance, slowness 2,
spit poison 1, naga tail 1
a: Spit Poison


You were on level 4 of the Dungeon.
You visited 1 branch of the dungeon, and saw 4 of its levels.

You collected 245 gold pieces.


Innate Abilities, Weirdness & Mutations

Your serpentine skin is tough. (AC +1)
You have supernaturally acute eyesight. (SInv)
Armour fits poorly on your strangely shaped body.
Your system is resistant to poisons. (rPois)
You cover ground very slowly.
You can spit poison.
You have a snake-like lower body.


   Skills:
 - Level 3.4 Fighting
 + Level 5.2 Ranged Weapons
 - Level 1.5 Dodging
 - Level 1.5 Stealth


You had 4 spell levels left.
You didn't know any spells.
Your spell library was empty.

Inventory:

Hand Weapons
 Y - a +1 shortbow (weapon)
Armour
 c - a +0 leather armour (worn)
 f - a +0 helmet (worn)
Jewellery
 b - an amulet of regeneration (around neck)
 d - a ring of positive energy (left hand)
 g - a +5 ring of evasion (right hand)
 h - a ring of ice
Scrolls
 j - 2 scrolls of identify
Potions
 a - 2 potions of berserk rage {unknown}
 e - a potion of might {unknown}
 i - a potion of resistance {unknown}
 k - 2 potions of curing {unknown}

Dungeon Overview and Level Annotations

Branches:
Dungeon (4/15)
 Temple: D:4-7

Altars:

Annotations:
D:4 Pikel


Message History

Pikel drinks a potion.
Pikel flickers and vanishes for a moment.
You shoot an arrow. The arrow closely misses Pikel.
You have got your breath back.
2596 ||| INVOKING Spit Poison.
Aiming: Spit Poison (1% risk of failure)
Press: ? - help, Shift-Dir - straight line, f/p - Pikel The splash of poison hits Pikel but does no damage.
Pikel is poisoned.
Pikel is moderately wounded.
Pikel hits you with a +1 whip of flaming!
Pikel burns you.
You shoot an arrow.
The arrow hits Pikel but does no damage.
Pikel is moderately wounded.
Pikel completely misses you.
You shoot an arrow. The arrow barely misses Pikel.
The arrow hits the lemure.
The lemure is moderately wounded.
Pikel hits you with a +1 whip of flaming!
Pikel burns you.
A scorpion comes into view.
You shoot an arrow. The arrow barely misses Pikel.
The arrow hits the lemure!
The lemure is heavily wounded.
Pikel completely misses you.
You shoot an arrow. The arrow hits Pikel.
Pikel is moderately wounded.
Pikel closely misses you.
Pikel hits you with a +1 whip of flaming!
Pikel burns you.
You shoot an arrow. The arrow closely misses Pikel.
The arrow closely misses the lemure.
Pikel hits you with a +1 whip of flaming!
Pikel burns you.
You shoot an arrow.
The arrow hits Pikel but does no damage.
Pikel is moderately wounded.
You have got your breath back.
Pikel looks more healthy.
Pikel hits you with a +1 whip of flaming.
You die...

## ...# .. ...# ..
...# .. ... ..
##5s.......... .. #55
#......... .. . #K#
#......... .. ..# ##@#
#..[...... ...
....###..###.......7
....
#....###.......777....
##....#..#...7..7..7..
##..)...#..777...7 7.
#..###...7..7..7..7..
#.. ##.777...777...7
#..###...7..7..7..7..
#..........777...777.


You could see Pikel (invisible), 3 lemures and a scorpion.

Vanquished Creatures
  A lemure (D:4)
  A jelly (D:3)
  4 gnolls
  3 adders
  3 ball pythons (D:3)
  3 endoplasms
  2 giant cockroaches
  3 goblins
  4 hobgoblins
  3 jackals (D:3)
  7 kobolds
  4 quokkas
  4 bats
  5 frilled lizards
  3 rats
50 creatures vanquished.

Notes
Turn   | Place    | Note
-------+----------+-------------------------------------------
     0 | D:1      | qw the Naga Hunter began the quest for the Orb.
     0 | D:1      | Reached XP level 1. HP: 19/19 MP: 1/1
     0 | D:1      | 0 ||| qw: Version: 0.2-a-29-gc1b59c4
     0 | D:1      | 0 ||| qw: Game counter: 4532
     0 | D:1      | 0 ||| qw: Always use a shield: true
     0 | D:1      | 0 ||| qw: God list: Okawaru
     0 | D:1      | 0 ||| qw: Allow faded altars: false
     0 | D:1      | 0 ||| qw: Do Orc after D:15 true
     0 | D:1      | 0 ||| qw: Do second Lair branch before Depths: true
     0 | D:1      | 0 ||| qw: Lair rune preference: random
     0 | D:1      | 0 ||| qw: Plans: Normal
     0 | D:1      | 0 ||| PLANNING D:1-11
     9 | D:1      | 9 ||| INVOKING Spit Poison.
    12 | D:1      | 12 ||| INVOKING Spit Poison.
    17 | D:1      | Reached skill level 4 in Ranged Weapons
    17 | D:1      | Reached XP level 2. HP: 15/26 MP: 2/2
    78 | D:1      | 78 ||| INVOKING Spit Poison.
   142 | D:1      | 142 ||| INVOKING Spit Poison.
   525 | D:1      | 525 ||| INVOKING Spit Poison.
   766 | D:1      | 766 ||| UPGRADING to +0 helmet.
   771 | D:1      | 771 ||| UPGRADING to ring of positive energy.
   772 | D:1      | 772 ||| DROPPING scroll of butterflies.
   910 | D:2      | 910 ||| INVOKING Spit Poison.
   911 | D:2      | Reached XP level 3. HP: 32/32 MP: 3/3
   915 | D:2      | 915 ||| INVOKING Spit Poison.
   932 | D:2      | 932 ||| INVOKING Spit Poison.
   946 | D:2      | 946 ||| INVOKING Spit Poison.
  1007 | D:2      | 1007 ||| INVOKING Spit Poison.
  1012 | D:2      | 1012 ||| INVOKING Spit Poison.
  1017 | D:2      | 1017 ||| INVOKING Spit Poison.
  1020 | D:2      | Reached skill level 5 in Ranged Weapons
  1020 | D:2      | Reached XP level 4. HP: 17/39 MP: 4/4
  1059 | D:2      | 1059 ||| INVOKING Spit Poison.
  1124 | D:2      | 1124 ||| INVOKING Spit Poison.
  1211 | D:2      | 1211 ||| INVOKING Spit Poison.
  1275 | D:2      | 1275 ||| INVOKING Spit Poison.
  1479 | D:2      | 1479 ||| INVOKING Spit Poison.
  1500 | D:2      | 1500 ||| UPGRADING to amulet of regeneration.
  1505 | D:2      | 1505 ||| READING scroll labelled LIWNESUOSM.
  1506 | D:2      | 1506 ||| READING scroll labelled CYGUL LULIT.
  1507 | D:2      | 1507 ||| DRINKING 3 bubbling clear potions.
  1515 | D:2      | 1515 ||| DROPPING 2 potions of ambrosia.
  1603 | D:3      | 1603 ||| INVOKING Spit Poison.
  1609 | D:3      | 1609 ||| INVOKING Spit Poison.
  1621 | D:3      | 1621 ||| INVOKING Spit Poison.
  1647 | D:3      | 1647 ||| INVOKING Spit Poison.
  1653 | D:3      | 1653 ||| INVOKING Spit Poison.
  1662 | D:3      | 1662 ||| INVOKING Spit Poison.
  1667 | D:3      | Reached skill level 3 in Fighting
  1667 | D:3      | Reached XP level 5. HP: 47/49 MP: 5/5
  1695 | D:3      | 1695 ||| INVOKING Spit Poison.
  1702 | D:3      | 1702 ||| INVOKING Spit Poison.
  1735 | D:3      | 1735 ||| INVOKING Spit Poison.
  1768 | D:3      | 1768 ||| INVOKING Spit Poison.
  1901 | D:3      | 1901 ||| INVOKING Spit Poison.
  1919 | D:3      | 1919 ||| INVOKING Spit Poison.
  2236 | D:3      | 2236 ||| INVOKING Spit Poison.
  2283 | D:3      | 2283 ||| UPGRADING to +5 ring of evasion.
  2284 | D:3      | 2284 ||| READING scroll labelled AQIRUOLUIJ.
  2285 | D:3      | 2285 ||| READING scroll labelled QUDOUN ORPHABB.
  2400 | D:4      | 2400 ||| INVOKING Spit Poison.
  2580 | D:4      | Identified the +7 long sword of Freehold {flame, Drain
                  | rC+++ Will++ Dex-3}
  2584 | D:4      | Noticed a lemure
  2585 | D:4      | Noticed a lemure
  2587 | D:4      | Noticed Pikel
  2587 | D:4      | 2587 ||| INVOKING Spit Poison.
  2587 | D:4      | Killed a lemure
  2587 | D:4      | Noticed a lemure
  2591 | D:4      | Noticed a lemure
  2593 | D:4      | 2593 ||| INVOKING Spit Poison.
  2596 | D:4      | 2596 ||| INVOKING Spit Poison.
  2601 | D:4      | HP: 8/49 [Pikel/+1 whip of flaming (13)]
  2601 | D:4      | HP: 3/49 [Pikel/+1 whip of flaming (5)]
  2602 | D:4      | Slain by Pikel

Levels and vault maps discovered:
D:1:      eino_arrival_water_star, layout_basic
D:2:      layout_loops_ring, nicolae_grassy_gnolls, uniq_crazy_yiuf_cottage
D:3:      layout_basic, kennysheep_generic_room_2
D:4:      layout_layer_cave, chequers_serial_rivers_small_3, kennysheep_doodads,
          uniq_pikel, uniq_ijyb

Skill      XL: |  1  2  3  4 |
---------------+-------------+-----
Ranged Weapons | 4 5 |  5.2
Fighting       | 3 |  3.4
Dodging        | |  1.5
Stealth        | |  1.5

Action                     |  1- 3 |  4- 6 || total
---------------------------+-------+-------++-------
   Fire: Shortbow          |    41 |    62 ||   103
Ability: Spit Poison       |    12 |    22 ||    34
    Use: Scroll            |       |     4 ||     4
         Potion            |       |     1 ||     1
 Armour: Leather armour    |       |     4 ||     4
  Dodge: Dodged            |     8 |    12 ||    20

Table legend:
 A = Non-vault XP
 B = Vault XP
 C = Vault XP percentage of total XP
 D = Non-vault monster count
 E = Vault monster count
 F = Vault count percentage of total count
                 A         B        C        D         E       F
            +---------+---------+-------+---------+---------+-------
      Total |     160 |      47 |  22.7 |      43 |       6 |  12.2
            +---------+---------+-------+---------+---------+-------
        D:1 |      30 |       0 |   0.0 |       9 |       0 |   0.0
        D:2 |      39 |      42 |  51.9 |      17 |       3 |  15.0
        D:3 |      89 |       5 |   5.3 |      16 |       3 |  15.8
        D:4 |       2 |       0 |   0.0 |       1 |       0 |   0.0
            +---------+---------+-------+---------+---------+-------
